 Dungeon Crawl Stone Soup version 0.30-a0-1160-g6e42c06551 (webtiles) character file.

Game seed: 17272546142029308787

4092 Newt the Cleaver (level 10, -2/74 HPs)
             Began as a Demonspawn Gladiator on Apr 25, 2023.
             Was a Priest of Okawaru.
             Slain by Amaemon
             ... wielding a -1 demon whip of venom
              (7 damage)
             ... on level 8 of the Dungeon.
             The game lasted 00:08:57 (7347 turns).

Newt the Cleaver (Demonspawn Gladiator)             Turns: 7347, Time: 00:08:57

Health: -2/74      AC:  8    Str: 25    XL:     10   Next: 5%
Magic:  8/10       EV: 21    Int:  9    God:    Okawaru [***...]
Gold:   1381       SH:  4    Dex: 23    Spells: 9/9 levels left

rFire   + + .        g - +7 hand axe "Nanga" {heavy, rF+ Will- Str+3 Dex+4}
rCold   + . .        (no shield)
rNeg    + . .        b - +0 leather armour
rPois   +            m - +2 hat
rElec   .            (no cloak)
rCorr   .            (no gloves)
SInv    .            (no boots)
Will    .....        (no amulet)
Stlth   +++          C - ring "Lighuh" {rC+ Will+ Slay+4}
HPRegen 0.32/turn    n - ring "Ofuy" {rPois rF+ rN+ Str+3 Dex+4}
MPRegen 0.12/turn

%: no passive effects
@: lethally poisoned (-2 -> -10), heroic, studying Evocations
A: claws 1, icy blue scales 1, foul stench 1, condensation shield
a: Renounce Religion, Heroism


You were on level 8 of the Dungeon.
You worshipped Okawaru.
Okawaru was most pleased with you.
You visited 2 branches of the dungeon, and saw 9 of its levels.
You also visited: Ossuary.

You collected 1381 gold pieces.

Inventory:

Hand Weapons
 a - a +0 rapier
 f - a +4 hand axe
 g - the +7 hand axe "Nanga" (weapon) {heavy, rF+ Will- Str+3 Dex+4}
   (You found it on level 2 of the Dungeon)

   Str:       It affects your strength (+3).
   Dex:       It affects your dexterity (+4).
   rF:        It protects you from fire.
   Will:      It decreases your willpower.
Missiles
 e - a javelin
 h - 4 boomerangs (quivered)
 z - 40 poisoned darts
Armour
 b - a +0 leather armour (worn)
 c - a +0 helmet
 m - a +2 hat (worn)
Jewellery
 n - the ring "Ofuy" (right claw) {rPois rF+ rN+ Str+3 Dex+4}
   (You acquired it on level 6 of the Dungeon)

   [ring of protection from fire]

   Str:       It affects your strength (+3).
   Dex:       It affects your dexterity (+4).
   rF:        It protects you from fire.
   rPois:     It protects you from poison.
   rN:        It protects you from negative energy.
 w - a ring of positive energy
 y - a ring of poison resistance
 C - the ring "Lighuh" (left claw) {rC+ Will+ Slay+4}
   (You acquired it in an ossuary)

   [ring of slaying]

   Slay:      It affects your accuracy & damage with ranged weapons and melee
   (+4).
   rC:        It protects you from cold.
   Will:      It increases your willpower.
Wands
 B - a wand of roots (4)
 I - a wand of light (4)
Scrolls
 o - a scroll of vulnerability
 p - a scroll of enchant armour {unknown}
 q - a scroll of enchant weapon
 s - a scroll of torment {unknown}
 t - 2 scrolls of teleportation
 x - a scroll of summoning {unknown}
 A - a scroll of immolation {unknown}
 D - 2 scrolls of blinking
 E - a scroll of fear
 J - 2 scrolls of amnesia {unknown}
 K - a scroll of silence {unknown}
Potions
 i - 3 potions of mutation
 j - a potion of ambrosia
 k - 3 potions of might
 r - 5 potions of lignification
 v - a potion of haste
 F - a potion of attraction
 G - a potion of resistance {unknown}
 H - a potion of magic {unknown}


   Skills:
 - Level 5.0(10.0) Fighting
 - Level 2.6(7.6) Short Blades
 + Level 10.2(15.2) Axes
 - Level 1.7(6.7) Throwing
 - Level 5.0(10.0) Armour
 - Level 6.0(11.0) Dodging


You had 9 spell levels left.
You didn't know any spells.
Your spell library contained the following spells:

 Spells                   Type           Power      Damage    Failure   Level
 Static Discharge         Conj/Air       0%         2-2/arc   56%         2
 Airstrike                Air            0%         2d(0-16)  99%         4
 Blade Hands              Tmut           0%         N/A       100%        5
 Irradiate                Conj/Tmut      0%         3d11      100%        5
 Dragon Form              Tmut           0%         N/A       100%        7
 Orb of Destruction       Conj           0%         9d5       100%        7
 Summon Guardian Golem    Hex/Summ       Unusable   N/A       N/A         3
 Summon Lightning Spire   Summ/Air       Unusable   N/A       N/A         4
 Spellforged Servitor     Conj/Summ      Unusable   N/A       N/A         7

Dungeon Overview and Level Annotations

Branches:
Dungeon (8/15)             Temple (1/1) D:5         Ossuary (visited)
   Lair: D:8-11

Altars:
Hepliaklqana
Kikubaaqudgha
Makhleb
Nemelex Xobeh
Okawaru
Qazlal
Ru
Sif Muna
Trog
Vehumet
Wu Jian
Xom
Yredelemnul

Annotations:
D:8 Amaemon


Innate Abilities, Weirdness & Mutations

You have sharp fingernails.
You are partially covered in icy blue scales. (AC +2)
You may rarely emit foul miasma when damaged in melee.
A meltable shield of frost defends you. (SH +4)


Message History

The net rips apart, and the scorpion comes free!
You feel much better.
You feel sick. Amaemon misses you. Amaemon claws you but does no damage.
Amaemon tail-slaps you but does no damage.
The scorpion completely misses you.
Unknown command.
You slice Amaemon!!
Amaemon is heavily wounded.
You slash the scorpion!
You feel sick.
You are no longer poisoned.
You block the scorpion's attack.
Amaemon hits you with a -1 demon whip of venom.
Amaemon completely misses you.
Amaemon tail-slaps you but does no damage.
You barely miss Amaemon.
Amaemon is heavily wounded.
You hit the scorpion but do no damage. The scorpion completely misses you.
Amaemon hits you with a -1 demon whip of venom!
* * * LOW HITPOINT WARNING * * *
You are poisoned.
Amaemon completely misses you. Amaemon barely misses you.
You barely miss Amaemon.
Amaemon is heavily wounded.
You slice the scorpion!!
You kill the scorpion!
The scorpion's corpse disappears in a puff of smoke!
You feel very sick.
The scorpion disappears in a puff of smoke!
Amaemon hits you with a -1 demon whip of venom!
* * * LOW HITPOINT WARNING * * *
Amaemon misses you.
Amaemon tail-slaps you but does no damage.
Your magical effects are unravelling.
You feel magically purged.
You feel a little less mighty now.
Your attacks no longer feel as feeble.
* * * LOW HITPOINT WARNING * * *
You feel very sick.
The scorpion disappears in a puff of smoke!
Amaemon closely misses you. Amaemon claws you!
You die...

########### #.......>..
#.######### #.# # #.# # P
#.#########
~PP.###########.#........
#(§§6@§......#.#######
.....#####§.......#######
... #.##..........## #
#.##............
#.##..#.......#.
#.##............
#.##..........#.
...#..........##
...._.........##


You could see Amaemon.

Vanquished Creatures
  An orange demon (D:8)
  The ghost of patfeehan111222 the Chopper, a novice DsBe of Trog (D:4)
  2 slime creatures (D:7)
  A wraith (Ossuary)
  2 wyverns (D:8)
  A steam dragon (D:8)
  Menkaure (D:7)
  A water moccasin (D:6)
  An orc warrior (D:5)
  2 sky beasts
  A black bear (D:7)
  An ice beast (D:7)
  2 ogres
  4 kobold brigands
  2 bullfrogs (D:6)
  5 scorpions
  An electric eel (D:8)
  A howler monkey (D:6)
  An orc priest (D:7)
  2 hounds
  7 jellies
  2 gnoll boudas
  8 iguanas
  2 sleepcaps
  3 orc wizards
  2 mummies
  7 gnolls
  7 adders
  A white imp (D:6)
  An ufetubus (D:5)
  2 worms (D:2)
  2 dart slugs
  35 orcs
  8 ball pythons
  5 bats
  11 endoplasms
  3 giant cockroaches
  5 goblins
  2 hobgoblins
  3 jackals (D:2)
  A quokka (D:4)
  5 gnoll skeletons (Ossuary)
  A goblin zombie (D:6)
  15 kobolds
  4 kobold skeletons (Ossuary)
  15 orc skeletons (Ossuary)
  An orc zombie (D:6)
  3 rats
194 creatures vanquished.

Vanquished Creatures (others)
  3 fungi (D:7)
  34 plants
  7 toadstools (D:7)
44 creatures vanquished.

Grand Total: 238 creatures vanquished

Notes
Turn   | Place    | Note
-------+----------+-------------------------------------------
     0 | D:1      | Newt the Demonspawn Gladiator began the quest for the Orb.
     0 | D:1      | Reached XP level 1. HP: 16/16 MP: 1/1
   202 | D:1      | Gained mutation: You have sharp fingernails. [demonic
                  | ancestry]
   202 | D:1      | Reached XP level 2. HP: 23/23 MP: 2/2
   384 | D:2      | Identified the +7 hand axe "Nanga" {heavy, rF+ Will- Str+3
                  | Dex+4}
   535 | D:2      | Reached XP level 3. HP: 28/30 MP: 3/3
   543 | D:2      | Found a faded altar of an unknown god.
  1398 | D:3      | Found an ornate altar of the Wu Jian Council.
  1398 | D:3      | Found a shimmering blue altar of Sif Muna.
  1591 | D:3      | Reached XP level 4. HP: 38/38 MP: 4/4
  1815 | D:4      | Noticed an ogre
  1822 | D:4      | Killed an ogre
  1823 | D:4      | Reached skill level 5 in Fighting
  1823 | D:4      | Reached skill level 2 in Axes
  1823 | D:4      | Gained mutation: You are partially covered in icy blue
                  | scales. (AC +2) [demonic ancestry]
  1823 | D:4      | Reached XP level 5. HP: 34/44 MP: 5/5
  2101 | D:4      | Reached skill level 3 in Axes
  2101 | D:4      | Reached XP level 6. HP: 26/51 MP: 6/6
  2213 | D:4      | Found a runed translucent door.
  2218 | D:4      | Noticed patfeehan111222's ghost (novice DsBe)
  2334 | D:4      | Reached skill level 4 in Axes
  2533 | D:4      | HP: 1/51 [patfeehan111222's ghost (9)]
  2534 | D:4      | Killed patfeehan111222's ghost
  2535 | D:4      | Reached skill level 6 in Axes
  2535 | D:4      | Reached XP level 7. HP: 1/56 MP: 7/7
  2842 | D:5      | Entered Level 5 of the Dungeon
  2872 | D:5      | Found a staircase to the Ecumenical Temple.
  2884 | Temple   | Entered the Ecumenical Temple
  3031 | Temple   | Became a worshipper of Warmaster Okawaru
  3234 | D:5      | Found a radiant altar of Vehumet.
  3439 | D:5      | Gained mutation: A meltable shield of frost defends you.
                  | (SH +4) [demonic ancestry]
  3439 | D:5      | Reached XP level 8. HP: 60/62 MP: 8/8
  3582 | D:5      | Reached skill level 5 in Dodging
  3659 | D:5      | Found a shimmering altar of Xom.
  3911 | D:6      | Identified 3 scrolls of acquirement
  3911 | D:6      | Acquired a manual of Evocations
  3913 | D:6      | Acquired 910 gold pieces
  3915 | D:6      | Acquired the ring "Ofuy" {rPois rF+ rN+ Str+3 Dex+4}
  4005 | D:6      | Reached * piety under Okawaru
  4078 | D:6      | Found a sand-covered staircase.
  4096 | Ossuary  | Entered an ossuary
  4274 | Ossuary  | Reached skill level 7 in Axes
  4292 | Ossuary  | Acquired the ring "Lighuh" {rC+ Will+ Slay+4}
  5041 | D:6      | Reached ** piety under Okawaru
  5042 | D:6      | Reached skill level 8 in Axes
  5753 | D:7      | Noticed Menkaure
  5754 | D:7      | Found an ancient bone altar of Kikubaaqudgha.
  5761 | D:7      | Killed Menkaure
  5762 | D:7      | Gained mutation: You may rarely emit foul miasma when
                  | damaged in melee. [demonic ancestry]
  5762 | D:7      | Reached XP level 9. HP: 60/68 MP: 9/9
  5898 | D:7      | Reached skill level 9 in Axes
  6162 | D:7      | Reached skill level 10 in Axes
  6177 | D:7      | HP: 3/68 [acid (5)]
  6623 | D:8      | Reached *** piety under Okawaru
  7305 | D:8      | Found a basalt altar of Yredelemnul.
  7312 | D:8      | Noticed an orange demon
  7325 | D:8      | Killed an orange demon
  7326 | D:8      | Reached skill level 5 in Armour
  7326 | D:8      | Reached XP level 10. HP: 46/74 MP: 10/10
  7328 | D:8      | Noticed Amaemon
  7347 | D:8      | Slain by Amaemon

Illustrated notes

Levels and vault maps discovered:
D:1:      sevenhm_arrival_forest_fort_small_3, layout_rooms
D:2:      layout_loops_ring, shapermc_ecumenical_altar_mp_ritualfount,
          grunt_ministairs_4, kennysheep_boxes
D:3:      layout_loops_ring, mainiacjoe_overflow_catch_the_wave,
          minmay_misc_feat_square, due_unseen_surprise
D:4:      layout_basic, gammafunk_ghost_grave
D:5:      layout_cave_pods, mainiacjoe_overflow_alcove_2,
          nicolae_vehumet_radiance, minmay_temple_entry_glass
D:6:      layout_layer_cave, nicolae_ossuary_entry_giza, minivault_19,
          kennysheep_opposing_triangles
D:7:      cheibrodos_fertilizer, layout_rooms, overflow_temple_1_default,
          uniq_menkaure
D:8:      layout_loops_ring, overflow_temple_1_default, serial_shops,
          nicolae_shop_mannequins, serial_bayou, serial_bayou_pond_a,
          serial_bayou_shore_b, serial_bayou_lagoon_b, serial_bayou_shore_a,
          uniq_amaemon, uniq_maggie, uniq_joseph
Temple:   nicolae_temple_figure_zero

Skill      XL: |  1  2  3  4  5  6  7  8  9 |
---------------+----------------------------+-----
Fighting       | 3 4 5 |  5.0
Axes           | 2 3 6 8 10 | 10.2
Dodging        | 4 6 |  6.0
Armour         | 5 |  5.0
Short Blades   | |  2.6
Throwing       | |  1.7

Action                     |  1- 3 |  4- 6 |  7- 9 | 10-12 || total
---------------------------+-------+-------+-------+-------++-------
  Melee: Hand axe          |    63 |    57 |   211 |     9 ||   340
         Punch             |       |       |     5 |       ||     5
  Throw: Boomerang         |       |     1 |    12 |     3 ||    16
         Throwing net      |       |     1 |       |     2 ||     3
         Javelin           |       |       |     1 |       ||     1
 Invoke: Heroism           |       |       |       |     1 ||     1
    Use: Scroll            |     5 |     2 |    10 |       ||    17
         Potion            |       |     6 |     2 |     3 ||    11
   Stab: Sleeping          |       |       |     2 |       ||     2
 Armour: Leather armour    |    26 |    20 |    45 |     6 ||    97
  Dodge: Dodged            |    60 |    47 |   162 |    15 ||   284
  Block: Other             |       |       |    23 |     5 ||    28

Table legend: (Time is in decaauts)
 A = Elapsed time spent in this place.
 B = Non-inter-level travel time spent in this place.
 C = Inter-level travel time spent in this place.
 D = Time resting spent in this place.
 E = Time spent auto-exploring this place.
 F = Levels seen in this place.
 G = Mean time per level.
                   A        B        C        D        E       F      G
               +--------+--------+--------+--------+--------+-----+--------+
         Total |   7529 |   7311 |    218 |   1152 |   4956 |  10 |  752.9 |
       Dungeon |   6956 |   6761 |    195 |   1081 |   4592 |   8 |  869.5 |
        Temple |    159 |    136 |     23 |      0 |    133 |   1 |  159.0 |
       Ossuary |    413 |    413 |      0 |     71 |    231 |   1 |  413.0 |
               +--------+--------+--------+--------+--------+-----+--------+

Top non-repeatable levels by time:
     D:6: 1384 daAuts
     D:7: 1233 daAuts
     D:4: 1079 daAuts
     D:5: 927 daAuts
     D:2: 879 daAuts
     D:3: 609 daAuts
     D:8: 483 daAuts
 Ossuary: 413 daAuts
     D:1: 357 daAuts
  Temple: 159 daAuts
